 Dungeon Crawl Stone Soup version 0.29.0-13-gc9e81de378 (webtiles) character file.

Game seed: 12079503167435415915

67 Zeus21348 the Chopper (level 4, -1/40 HPs)
             Began as a Hill Orc Fighter on Sept 10, 2022.
             Slain by a gnoll
             ... wielding a +2 spear of distortion
              (4 damage)
             ... on level 2 of the Dungeon.
             The game lasted 00:01:58 (1849 turns).

Zeus21348 the Chopper (Hill Orc Fighter)            Turns: 1849, Time: 00:01:59

Health: -1/40      AC:  7    Str: 18    XL:     4   Next: 18%
Magic:  4/4        EV:  9    Int: 10    God:
Gold:   133        SH:  4    Dex: 10    Spells: 3/3 levels left

rFire   . . .      SeeInvis .   a - +0 war axe
rCold   . . .      Faith    .   c - +0 buckler
rNeg    . . .      Spirit   .   b - +0 scale mail
rPois   .          Reflect  .   (no helmet)
rElec   .          Harm     .   (no cloak)
rCorr   .          Rampage  .   (no gloves)
Will    .....                   (no boots)
Stlth   ..........              (no amulet)
HPRegen 0.13/turn               (no ring)
MPRegen 0.09/turn               (no ring)

@: mighty
A: no striking features
a: no special abilities


You were on level 2 of the Dungeon.
You visited 1 branch of the dungeon, and saw 2 of its levels.

You collected 133 gold pieces.

Inventory:

Hand Weapons
 a - a +0 war axe (weapon)
Armour
 b - a +0 scale mail (worn)
 c - a +0 buckler (worn)
Scrolls
 e - 3 scrolls of identify {unknown}
 g - 2 scrolls of teleportation {unknown}
 i - a scroll of brand weapon {unknown}
 k - a scroll of enchant armour {unknown}
Potions
 f - 2 potions of invisibility {unknown}
 h - a potion of lignification {unknown}
 j - a potion of heal wounds {unknown}


   Skills:
 + Level 4.2 Fighting
 * Level 4.4 Axes
 + Level 3.7 Armour
 + Level 3.6 Shields


You had 3 spell levels left.
You didn't know any spells.
Your spell library contained the following spells:

 Spells                   Type           Power      Damage    Failure   Level
 Shock                    Conj/Air       0%         1d3       83%         1
 Swiftness                Air            0%         N/A       99%         3
 Airstrike                Air            0%         2d(0-16)  100%        4


Dungeon Overview and Level Annotations

Branches:
Dungeon (2/15)

Altars:

Shops:
D:1 =


Message History

You completely miss the goblin. The goblin hits you but does no damage.
You closely miss the goblin. The goblin hits you with a +0 club.
You slash the goblin!
You kill the goblin!
HP restored.
Things that are here:
a +0 club; 3 stones; a goblin corpse A kobold comes into view.
It is wielding a +0 dagger.
The kobold shouts!
A kobold is nearby!
A kobold is nearby!
You slash the kobold!
You kill the kobold!
No target in view!
No target in view!
A hobgoblin comes into view.
The hobgoblin shouts!
You hear a shout!
You slash the hobgoblin!
You kill the hobgoblin!
No target in view!
No target in view!
You now have 133 gold pieces (gained 10).
The gnoll shouts!
A gnoll is nearby!
A gnoll is nearby!
You feel very mighty all of a sudden.
The gnoll hits you from afar with a +2 spear of distortion.
Space warps horribly around you!!
Ouch! That really hurt!
You are too injured to fight recklessly!
You are too injured to fight recklessly!
You are too injured to fight recklessly!
The gnoll misses you.
You closely miss the gnoll. The gnoll hits you but does no damage.
Space warps horribly around you!
* * * LOW HITPOINT WARNING * * *
You block the gnoll's attack.
You barely miss the gnoll. The gnoll hits you but does no damage.
Space warps around you.
You die...

#.#### #..... .######..
.. #.# #### #.####.#
...#### ..##..# ....#
#.##.## ##.###g.#
#####.##.##
.......@######..........
.#..........##.###....##
#####.####.##.###.#..##
......#....#...#.>..
##........###.####.#.
#####.##...#.####.#.
#.#..#.#....#...
#.#....####.####
########.##.######)####


You could see a gnoll.

Vanquished Creatures
  A gnoll (D:2)
  2 adders (D:2)
  A worm (D:2)
  A dart slug (D:1)
  5 bats
  4 endoplasms
  6 goblins
  5 hobgoblins
  A quokka (D:2)
  2 ball pythons (D:1)
  A frilled lizard (D:1)
  2 kobolds
  3 rats (D:1)
34 creatures vanquished.

Notes
Turn   | Place    | Note
-------+----------+-------------------------------------------
     0 | D:1      | Zeus21348 the Hill Orc Fighter began the quest for the Orb.
     0 | D:1      | Reached XP level 1. HP: 19/19 MP: 1/1
   186 | D:1      | Reached XP level 2. HP: 20/27 MP: 2/2
   498 | D:1      | Found Daleh's Jewellery Shoppe.
  1169 | D:2      | Reached XP level 3. HP: 29/33 MP: 3/3
  1485 | D:2      | Reached XP level 4. HP: 21/40 MP: 4/4
  1849 | D:2      | Slain by a gnoll

Illustrated notes

Levels and vault maps discovered:
D:1:      nicolae_arrival_memento_mori, layout_basic, serial_shops,
          nicolae_shop_stone, minmay_liquid_box, interstate_on_off,
          minmay_misc_feat_five
D:2:      layout_basic, ebering_ecumenical_altar_ruins, hangedman_decor_opposing

Skill      XL: |  1  2  3 |
---------------+----------+-----
Axes           | 3 4 |  4.4
Fighting       | 4 |  4.2
Armour         | |  3.7
Shields        | |  3.6

Action                   |  1- 3 |  4- 6 || total
-------------------------+-------+-------++-------
Melee: War axe           |    67 |     7 ||    74
  Use: Potion            |       |     1 ||     1
Armor: Scale mail        |    26 |     3 ||    29
Dodge: Dodged            |    31 |     1 ||    32
Block: Buckler           |    13 |     1 ||    14
